 Dungeon Crawl Stone Soup version 0.24-a0-504-gcfb02b9d07 (webtiles) character file.

Game seed: 17416338747848046335

45 Inarius the Caller (level 3, -2/24 HPs)
             Began as a Demonspawn Summoner on July 17, 2019.
             Shot with a stone by a goblin (4 damage)
             ... led by Robin
             ... on level 2 of the Dungeon.
             The game lasted 00:02:39 (1746 turns).

Inarius the Caller (Demonspawn Summoner)            Turns: 1746, Time: 00:02:39

Health: -2/24      AC:  2    Str:  8    XL:     3   Next: 42%
Magic:  6/6        EV: 12    Int: 17    God:
Gold:   69         SH:  0    Dex: 13    Spells: 3/6 levels left

rFire    . . .     SeeInvis .   b - +0 short sword
rCold    . . .     Gourm    .   (no shield)
rNeg     . . .     Faith    .   a - +0 robe
rPois    .         Spirit   .   (no helmet)
rElec    .         Reflect  .   (no cloak)
rCorr    .         Harm     .   (no gloves)
MR       .....                  (no boots)
Stlth    ++........             (no amulet)
HPRegen  0.08/turn              (no ring)
MPRegen  0.10/turn              (no ring)

@: no status effects
A: talons 1
a: no special abilities


You were on level 2 of the Dungeon.
You were not hungry.

You visited 1 branch of the dungeon, and saw 2 of its levels.

You collected 69 gold pieces.

Inventory:

Hand Weapons
 b - a +0 short sword (weapon)
Armour
 a - a +0 robe (worn)
Wands
 h - a wand of enslavement (10)
Scrolls
 d - 2 scrolls of remove curse {unknown}
 e - a scroll of magic mapping {unknown}
 g - a scroll of identify {unknown}
 i - a scroll of enchant armour {unknown}
 j - a scroll of random uselessness {unknown}
 m - 2 scrolls of teleportation {unknown}
 n - a scroll of amnesia {unknown}
Potions
 f - 2 potions of agility {unknown}
 l - a potion of invisibility {unknown}
 o - a potion of haste {unknown}
Comestibles
 c - 4 rations
 k - 2 chunks of flesh


   Skills:
 + Level 0.2 Fighting
 + Level 2.3 Dodging
 - Level 1.8 Stealth
 + Level 2.2 Spellcasting
 * Level 4.7 Summonings
 * Level 0.2 Evocations


You had 3 spell levels left.
You knew the following spells:

 Your Spells              Type           Power        Failure   Level  Hunger
a - Summon Small Mammal   Summ           ###.         2%          1    #......
b - Call Imp              Summ           ###.....     4%          2    ###....

Your spell library contained the following spells:

 Spells                   Type           Power        Failure   Level  Hunger
 Call Canine Familiar     Summ           ###.....     9%          3    ###....
 Summon Guardian Golem    Hex/Summ       #.......     22%         3    ###....
 Summon Ice Beast         Ice/Summ       #.......     56%         4    #####..
 Summon Lightning Spire   Summ/Air       #.......     56%         4    #####..


Dungeon Overview and Level Annotations

Branches:
Dungeon (2/15)

Altars:

Annotations:
D:2 Robin


Innate Abilities, Weirdness & Mutations

You have sharp toenails.


Message History

The goblin closely misses you.
The goblin unwields a +0 hunting sling.
The goblin closely misses you.
Things that are here:
a +0 club x2; a goblin corpse You barely miss the goblin.
Robin hits you but does no damage.
The goblin hits you with a cursed +0 hunting sling.
The goblin hits you.
The goblin shoots a stone.
The stone completely misses you.
The goblin wields a +0 hunting sling.
The goblin shoots a stone.
The stone hits you.
You see here 2 stones.
The goblin shoots a stone.
The stone hits you.
* * * LOW HITPOINT WARNING * * *
The goblin shoots a stone.
The stone closely misses you.
The goblin shoots a stone.
The stone hits you.
* * * LOW HITPOINT WARNING * * *
You see here a stone.
The goblin shoots a stone.
The stone completely misses you.
The goblin shoots a stone.
The stone hits you.
You die...

#........#
#........###### ##
#.............# #.
####..#.......########.
##.#>...(..'......'.
###.#.......########.
#...#.####### #.
###...# ########. #.@(+
......... #...#
######### #.(.# ##
#...# #. #.####..(# ##
#.......## #######.#
#(g.# #(#######.


You could see a goblin.

Vanquished Creatures
  An adder (D:2)
  An ooze (D:2)
  A dart slug (D:1)
  2 leopard geckos (D:1)
  5 goblins (D:2)
  2 hobgoblins (D:1)
  3 jackals (D:1)
  2 bats (D:1)
  4 kobolds
  3 rats
24 creatures vanquished.

Vanquished Creatures (collateral kills)
  A worm (D:2)
  A giant cockroach (D:1)
  A jackal (D:1)
  2 kobolds (D:1)
  A rat (D:1)
6 creatures vanquished.

Grand Total: 30 creatures vanquished

Notes
Turn   | Place    | Note
-------+----------+-------------------------------------------
     0 | D:1      | Inarius the Demonspawn Summoner began the quest for the
                  | Orb.
     0 | D:1      | Reached XP level 1. HP: 13/13 MP: 3/3
   735 | D:1      | Gained mutation: You have sharp toenails. [demonic
                  | ancestry]
   735 | D:1      | Reached XP level 2. HP: 19/19 MP: 5/5
   893 | D:1      | Learned a level 2 spell: Call Imp
  1601 | D:2      | Reached XP level 3. HP: 24/24 MP: 2/6
  1715 | D:2      | Noticed Robin
  1746 | D:2      | Shot with a stone by a goblin

Levels and vault maps discovered:
D:1:      dpeg_arrival_three_same_balls, layout_loops_ring, minmay_3d_cube
D:2:      layout_basic, lemuel_coloured_pillars_altar,
          gammafunk_temple_overflow_wave, uniq_robin

Skill      XL: |  1 |
---------------+----+-----
Dodging        | 2 |  2.3
Fighting       | |  0.2
Stealth        | |  1.8
Spellcasting   | |  2.2
Summonings     | |  4.7
Evocations     | |  0.2

Action                   || total
-------------------------++-------
Melee: Short sword       ||    93
       Kick              ||    12
 Cast: Summon Small Mamm ||    10
       Call Imp          ||     2
 Stab: Sleeping          ||     6
  Eat: Chunk             ||     3
Armor: Robe              ||    15
Dodge: Dodged            ||    71

Table legend:
 A = Non-vault XP
 B = Vault XP
 C = Vault XP percentage of total XP
 D = Non-vault monster count
 E = Vault monster count
 F = Vault count percentage of total count
                 A         B        C        D         E       F
            +---------+---------+-------+---------+---------+-------
      Total |      49 |      16 |  24.6 |      22 |       8 |  26.7
            +---------+---------+-------+---------+---------+-------
        D:1 |      26 |       8 |  23.5 |      16 |       4 |  20.0
        D:2 |      23 |       8 |  25.8 |       6 |       4 |  40.0
            +---------+---------+-------+---------+---------+-------
